 Dungeon Crawl Stone Soup version 0.28-a0-265-g048bc9fd10 (webtiles) character file.

Game seed: 16862355929799428089

480 Smaepdii the Cudgeller (level 7, -2/44 HPs)
             Began as a Gargoyle Fighter on Aug 28, 2021.
             Was an Initiate of Zin.
             Killed from afar by an orc wizard (10 damage)
             ... with a puff of flame
             ... on level 4 of the Dungeon.
             The game lasted 00:16:33 (4541 turns).

Smaepdii the Cudgeller (Gargoyle Fighter)           Turns: 4541, Time: 00:16:33

Health: -2/44      AC: 16    Str: 20    XL:     7   Next: 11%
Magic:  7/7        EV:  7    Int:  8    God:    Zin [......]
Gold:   6          SH:  0    Dex: 11    Spells: 6/6 levels left

rFire   . . .      SeeInvis .   a - +0 flail
rCold   . . .      Faith    .   (no shield)
rNeg    + . .      Spirit   .   j - +0 chain mail
rPois   ∞          Reflect  .   (no helmet)
rElec   +          Harm     .   (no cloak)
rCorr   .          Rampage  .   l - +1 pair of gloves
Will    .....                   (no boots)
Stlth   ..........              (no amulet)
HPRegen 0.14/turn               (no ring)
MPRegen 0.10/turn               (no ring)

@: mighty
A: sickness immunity, AC +4, negative energy resistance 1, electricity
resistance, torment resistance 1, petrification resistance
a: Renounce Religion, Donate Gold


You were on level 4 of the Dungeon.
You worshipped Zin.
Zin was noncommittal.
You visited 1 branch of the dungeon, and saw 4 of its levels.

You collected 96 gold pieces.
You spent 90 gold pieces at shops.

Inventory:

Hand Weapons
 a - a +0 flail (weapon)
Missiles
 g - 4 boomerangs
 i - 80 stones (quivered)
 k - 4 curare-tipped darts
 m - a throwing net
Armour
 c - a +0 kite shield
 j - a +0 chain mail (worn)
 l - a +1 pair of gloves (worn)
Magical Staves
 o - a staff of death
Jewellery
 b - a ring of protection from fire
Wands
 q - a wand of paralysis (7)
Scrolls
 h - a scroll of fear
 r - a scroll of enchant armour
 u - a scroll of teleportation {unknown}
Potions
 d - 2 potions of might
 e - 3 potions of lignification {unknown}
 f - a potion of ambrosia {unknown}
 n - a potion of degeneration {unknown}
 p - a potion of heal wounds {unknown}
 s - 2 potions of brilliance


   Skills:
 + Level 4.8 Fighting
 * Level 4.9 Maces & Flails
 + Level 4.9 Armour
 + Level 4.7 Shields
 + Level 0.0 Invocations


You had 6 spell levels left.
You didn't know any spells.
Your spell library was empty.

Dungeon Overview and Level Annotations

Branches:
Dungeon (4/15)
 Temple: D:4-7

Altars:
Cheibriados
Qazlal
Zin


Innate Abilities, Weirdness & Mutations

You are immune to sickness and miasma.
Your stone body is resilient. (AC +4)
You are immune to poison.
You resist negative energy. (rN+)
You are resistant to electric shocks. (rElec)
You are resistant to unholy torment.
You are immune to petrification.


Message History

You miss the orc priest.
The orc priest is moderately wounded.
The orc priest calls upon Beogh to heal the orc wizard.
The orc wizard is healed somewhat.
The orc wizard hits you but does no damage.
You closely miss the orc priest.
The orc priest is moderately wounded.
The orc priest hits you with a +0 short sword.
* * * LOW HITPOINT WARNING * * *
The orc wizard hits you but does no damage.
The orc priest hits you but does no damage.
You closely miss the orc priest.
The orc priest is moderately wounded.
You feel less confused.
The orc wizard hits you but does no damage.
The orc priest hits you but does no damage.
Okay, then.
Okay, then.
You feel better.
The orc wizard hits you but does no damage.
The orc priest hits you but does no damage.
You feel very mighty all of a sudden.
The orc wizard mumbles some strange words.
The orc wizard flickers and vanishes!
The orc priest hits you but does no damage.
You closely miss the orc priest.
The orc priest is moderately wounded.
Something hits you but does no damage.
The orc priest hits you but does no damage.
You hear some strange, mumbled words.
A magic dart appears from out of thin air!
The magic dart hits you.
* * * LOW HITPOINT WARNING * * *
You hit the orc priest.
The orc priest is severely wounded.
The orc priest hits you but does no damage.
You hear some strange, mumbled words.
A puff of flame appears from out of thin air!
The puff of flame hits you!
You die...

.#..#####..## ##..o....#
#...###.....## #.......#
#>.###.......## ##......#
...#..........## #......#
..#............###......#
.#...........#..###.....##
.............##..##......#
.............##..{.......#
.............##.@o.......#
#...........##...∩....####
###......#####........#
######## #........#
##..#_#..## #..##⌠##.#
#...###..# ##.#.....##
#..#######


You could see an orc priest.

Vanquished Creatures
  2 ogres (D:3)
  The ghost of porpoise the Skirmisher, an amateur BaWn (D:3)
  A jelly (D:4)
  Jessica (D:3)
  Natasha (twice) (D:3)
  3 adders (D:3)
  2 adder zombies (D:1)
  2 dart slugs
  10 orcs
  6 bats
  4 endoplasms
  A giant cockroach (D:1)
  4 goblins
  3 hobgoblins
  2 jackals (D:2)
  5 quokkas
  6 ball pythons
  3 frilled lizards (D:2)
  A jackal skeleton (D:4)
  5 kobolds
  3 rats
67 creatures vanquished.

Vanquished Creatures (others)
  Natasha (D:3)
1 creature vanquished.

Grand Total: 68 creatures vanquished

Notes
Turn   | Place    | Note
-------+----------+-------------------------------------------
     0 | D:1      | Smaepdii the Gargoyle Fighter began the quest for the Orb.
     0 | D:1      | Reached XP level 1. HP: 14/14 MP: 1/1
    58 | D:1      | Reached XP level 2. HP: 19/19 MP: 2/2
   842 | D:1      | Found a faded altar of an unknown god.
  1165 | D:2      | Reached XP level 3. HP: 23/23 MP: 3/3
  2271 | D:3      | Noticed Natasha
  2274 | D:3      | Killed Natasha
  2275 | D:3      | Reached XP level 4. HP: 24/29 MP: 4/4
  2366 | D:3      | Noticed Natasha
  2377 | D:3      | Killed Natasha
  2423 | D:3      | Noticed Natasha
  2429 | D:3      | Killed Natasha
  2448 | D:3      | Noticed an ogre
  2467 | D:3      | Killed an ogre
  2468 | D:3      | Reached XP level 5. HP: 33/33 MP: 5/5
  2556 | D:3      | Noticed an ogre
  2574 | D:3      | Killed an ogre
  2575 | D:3      | Reached XP level 6. HP: 39/39 MP: 6/6
  2687 | D:3      | Found a large runed translucent door.
  2687 | D:3      | Found a large runed translucent door.
  2692 | D:3      | Noticed porpoise's ghost (amateur BaWn)
  2707 | D:3      | Killed porpoise's ghost
  3049 | D:3      | Found a snail-covered altar of Cheibriados.
  3318 | D:3      | Noticed Jessica
  3325 | D:3      | Killed Jessica
  3627 | D:3      | Found a stormy altar of Qazlal.
  3964 | D:4      | Reached XP level 7. HP: 42/44 MP: 7/7
  4405 | D:4      | Found Zin's Purification Station.
  4406 | D:4      | Found a glowing silver altar of Zin.
  4412 | D:4      | Bought a potion of curing for 90 gold pieces
  4415 | D:4      | Became a worshipper of Zin the Law-Giver
  4541 | D:4      | Killed from afar by an orc wizard

Illustrated notes

Levels and vault maps discovered:
D:1:      saegor_arrival_fortress, layout_loops_ring,
          shapermc_ecumenical_altar_notcrosses
D:2:      layout_basic, minmay_statues_item
D:3:      kennysheep_big_flooded_room, layout_loops_ring,
          mainiacjoe_overflow_alcove_1, mainiacjoe_overflow_catwalk,
          ebering_ghost_disaster_area, serial_park_tiny_1,
          kennysheep_generic_room_10, uniq_jessica, uniq_natasha
D:4:      layout_cave_pods, zin_purify, serial_forest,
          infiniplex_forest_clump_medium, infiniplex_forest_clump_long,
          infiniplex_forest_end_2, infiniplex_forest_lined_room_,
          infiniplex_forest_straight_4, infiniplex_forest_join,
          infiniplex_forest_lined_3_way, infiniplex_forest_end_2

Skill      XL: |  1  2  3  4  5 |
---------------+----------------+-----
Maces & Flails | 3 4 |  4.9
Fighting       | 4 |  4.8
Armour         | 4 |  4.9
Shields        | 4 |  4.7

Action                   |  1- 3 |  4- 6 |  7- 9 || total
-------------------------+-------+-------+-------++-------
Melee: Flail             |    88 |   105 |    37 ||   230
Throw: Stone             |     4 |    12 |    12 ||    28
       Dart              |       |     9 |       ||     9
  Use: Scroll            |       |     5 |       ||     5
       Potion            |       |       |     2 ||     2
Armor: Scale mail        |    14 |       |       ||    14
       Chain mail        |    58 |    73 |    28 ||   159
Dodge: Dodged            |    51 |    53 |     7 ||   111

Table legend: (Time is in decaauts)
 A = Elapsed time spent in this place.
 B = Non-inter-level travel time spent in this place.
 C = Inter-level travel time spent in this place.
 D = Time resting spent in this place.
 E = Time spent auto-exploring this place.
 F = Levels seen in this place.
 G = Mean time per level.
                   A        B        C        D        E       F      G
               +--------+--------+--------+--------+--------+-----+--------+
         Total |   4606 |   4498 |    108 |    665 |   2927 |   4 | 1151.5 |
       Dungeon |   4606 |   4498 |    108 |    665 |   2927 |   4 | 1151.5 |
               +--------+--------+--------+--------+--------+-----+--------+

Top non-repeatable levels by time:
     D:3: 1502 daAuts
     D:1: 1163 daAuts
     D:2: 1131 daAuts
     D:4: 808 daAuts
